 Dungeon Crawl Stone Soup version 0.29-a0-344-ge2f44be95a (webtiles) character file.

Game seed: 983077102753596349

22 Iusername the Firebug (level 2, -1/20 HPs)
             Began as a Draconian Fire Elementalist on Apr 21, 2022.
             Slain by a jackal (2 damage)
             ... on level 1 of the Dungeon.
             The game lasted 00:02:23 (1264 turns).

Iusername the Firebug (Draconian Fire Elementalist) Turns: 1264, Time: 00:02:23

Health: -1/20      AC:  4    Str: 10    XL:     2   Next: 68%
Magic:  5/5        EV: 12    Int: 15    God:
Gold:   47         SH:  0    Dex: 11    Spells: 4/5 levels left

rFire   . . .      SeeInvis .   h - +0 hunting sling
rCold   . . .      Faith    .   (no shield)
rNeg    . . .      Spirit   .   (body armour unavailable)
rPois   .          Reflect  .   (helmet restricted)
rElec   .          Harm     .   (no cloak)
rCorr   .          Rampage  .   (no gloves)
Will    .....                   (no boots)
Stlth   ++........              (no amulet)
HPRegen 0.06/turn               (no ring)
MPRegen 0.09/turn               (no ring)

@: no status effects
A: AC +4, unfitting armour, cold-blooded
a: no special abilities


You were on level 1 of the Dungeon.
You visited 1 branch of the dungeon, and saw 1 of its levels.

You collected 47 gold pieces.

Inventory:

Hand Weapons
 h - a +0 hunting sling (weapon)
Scrolls
 b - a scroll of fog {unknown}
 d - a scroll of enchant weapon {unknown}
 f - a scroll of identify {unknown}
Potions
 a - a potion of magic
 c - a potion of invisibility {unknown}
 e - 2 potions of lignification {unknown}
 g - a potion of attraction {unknown}


   Skills:
 + Level 0.2 Fighting
 + Level 0.2 Slings
 + Level 2.0 Dodging
 + Level 2.0 Stealth
 + Level 2.0 Spellcasting
 + Level 1.0 Conjurations
 + Level 3.6 Fire Magic


You had 4 spell levels left.
You knew the following spells:

 Your Spells              Type           Power      Damage    Failure   Level
a - Foxfire               Conj/Fire      32%        2x1d5     9%          1

Your spell library contained the following spells:

 Spells                   Type           Power      Damage    Failure   Level
 Scorch                   Fire           24%        2d6       8%          2
 Sandblast                Erth           2%         2d4       22%         1
 Conjure Flame            Conj/Fire      8%         6-21      26%         3
 Inner Flame              Hex/Fire       7%         N/A       30%         3
 Passwall                 Tmut/Erth      0%         N/A       32%         2
 Stone Arrow              Conj/Erth      6%         3d7       47%         3
 Flame Wave               Conj/Fire      8%         2d5       63%         4


Dungeon Overview and Level Annotations

Branches:
Dungeon (1/15)

Altars:


Innate Abilities, Weirdness & Mutations

Your plain brown scales are hard. (AC +4)
You cannot fit into any form of body armour.
You are cold-blooded and may be slowed by cold attacks.


Message History

The jackal attacks as you move away! The jackal barely misses you.
The jackal bites you but does no damage.
You are too injured to fight recklessly!
The jackal attacks as you move away! The jackal closely misses you.
You are too injured to fight recklessly!
You are too injured to fight recklessly!
You are too injured to fight recklessly!
The jackal attacks as you move away! The jackal closely misses you.
The jackal misses you.
You are too injured to fight recklessly!
You are too injured to fight recklessly!
You are too injured to fight recklessly!
You are too injured to fight recklessly!
The jackal attacks as you move away!
The jackal bites you but does no damage.
The jackal bites you.
* * * LOW HITPOINT WARNING * * *
You are too injured to fight recklessly!
You are too injured to fight recklessly!
The jackal bites you.
* * * LOW HITPOINT WARNING * * *
You barely miss the jackal.
Your tail-slap misses the jackal.
The jackal closely misses you.
You clumsily bash the jackal but do no damage.
Your tail-slap misses the jackal.
The jackal is moderately wounded.
The jackal misses you. The jackal bites you.
* * * LOW HITPOINT WARNING * * *
The jackal misses you. x2
You clumsily bash the jackal but do no damage.
The jackal is moderately wounded.
The jackal closely misses you. The jackal bites you.
* * * LOW HITPOINT WARNING * * *
The jackal bites you but does no damage.
The jackal closely misses you.
You clumsily bash the jackal but do no damage.
The jackal closely misses you. The jackal misses you.
The jackal bites you but does no damage.
The jackal bites you.
You die...

........####...#.#####.........##
....... ##.##.# #.........##
..... ####.# #.........# .†. #.#
#.........# #'# #.# #.........#
#.# #.# #.........# #.# #.#
#.........# ##.## #.# #.........#
##...###########@#
....†.........Jhh#
##.....########### ..#.#..#
#.###..# .......# ########


You could see an endoplasm and 2 jackals.

Vanquished Creatures
  2 bats (D:1)
  3 endoplasms (D:1)
  A goblin (D:1)
  5 jackals (D:1)
  A quokka (D:1)
  6 ball pythons (D:1)
  A frilled lizard (D:1)
  A kobold (D:1)
  A rat (D:1)
21 creatures vanquished.

Vanquished Creatures (others)
  4 foxfires (D:1)
4 creatures vanquished.

Grand Total: 25 creatures vanquished

Notes
Turn   | Place    | Note
-------+----------+-------------------------------------------
     0 | D:1      | Iusername the Draconian Fire Elementalist began the quest
                  | for the Orb.
     0 | D:1      | Reached XP level 1. HP: 14/14 MP: 3/3
   390 | D:1      | Reached XP level 2. HP: 20/20 MP: 5/5
   500 | D:1      | Found a faded altar of an unknown god.
   802 | D:1      | HP: 1/20 [frozen (2)]
  1263 | D:1      | HP: 1/20 [jackal (2)]
  1264 | D:1      | Slain by a jackal

Illustrated notes

Levels and vault maps discovered:
D:1:      minmay_arrival_open_corners, layout_loops_corners,
          ebering_ecumenical_altar_petrified

Skill      XL: |  1  2 |
---------------+-------+-----
Stealth        | 2 |  2.0
Dodging        | 2 |  2.0
Fighting       | |  0.2
Slings         | |  0.2
Spellcasting   | |  2.0
Conjurations   | |  1.0
Fire Magic     | |  3.6

Action                   || total
-------------------------++-------
Melee: Unarmed           ||    12
       Club              ||    23
       Tailslap          ||     9
       Hunting sling     ||    21
 Fire: Hunting sling     ||    27
 Cast: Foxfire           ||     4
 Stab: Sleeping          ||     1
Armor: Skin              ||    42
Dodge: Dodged            ||    94

Table legend: (Time is in decaauts)
 A = Elapsed time spent in this place.
 B = Non-inter-level travel time spent in this place.
 C = Inter-level travel time spent in this place.
 D = Time resting spent in this place.
 E = Time spent auto-exploring this place.
 F = Levels seen in this place.
 G = Mean time per level.
                   A        B        C        D        E       F      G
               +--------+--------+--------+--------+--------+-----+--------+
         Total |   1295 |   1295 |      0 |    409 |    637 |   1 | 1295.0 |
       Dungeon |   1295 |   1295 |      0 |    409 |    637 |   1 | 1295.0 |
               +--------+--------+--------+--------+--------+-----+--------+

Top non-repeatable levels by time:
     D:1: 1295 daAuts
